 Dungeon Crawl Stone Soup version 0.31.0-12-g77e489cdc1 (webtiles) character file.

Game seed: 3590978787392093832

6602 Gadfly the Covert (level 10, 0/51 HPs)
             Began as a Spriggan Enchanter on Feb 18, 2024.
             Was an Initiate of Gozag.
             Slain by a death yak (12 damage)
             ... on level 10 of the Dungeon.
             The game lasted 00:23:05 (9831 turns).

Gadfly the Covert (Spriggan Enchanter)              Turns: 9831, Time: 00:23:06

Health: 0/51       AC:  7    Str:  3    XL:     10   Next: 71%
Magic:  15/22      EV: 22    Int: 23    God:    Gozag
Gold:   1375       SH:  0    Dex: 17    Spells: 0/24 levels left

rFire   . . .        a - +5 dagger (freeze)
rCold   . . .        (no shield)
rNeg    . . .        o - +2 robe {Will+}
rPois   +            v - +2 hat
rElec   .            D - +0 cloak
rCorr   .            (gloves unavailable)
SInv    +            (boots unavailable)
Will    ++...        l - amulet of regeneration
Stlth   +++++        (no ring)
HPRegen 1.08/turn    (no ring)
MPRegen 0.18/turn

%: no passive effects
@: confusing by touch, very quick
A: very small, no large weapons, unfitting armour, see invisible, speed 3, claws
1, clever 1, poison resistance
a: Renounce Religion, Potion Petition, Call Merchant, Bribe Branch


You were on level 10 of the Dungeon.
You worshipped Gozag.
Gozag was most pleased with you.
You visited 2 branches of the dungeon, and saw 11 of its levels.

You collected 2589 gold pieces.
You spent 1184 gold pieces at shops.
You paid 30 gold pieces to Gozag.

Inventory:

Hand Weapons
 a - a +5 dagger of freezing (weapon)
 p - a +5 dagger of freezing
 u - the +11 falchion "Huih Lur" {protect, ^Fragile rPois rN+++ rCorr}
   (You found it on level 6 of the Dungeon)

   rPois:     It protects you from poison rN+++: It renders you almost immune to
   negative energy.
   rCorr:     It protects you from acid and corrosion.
   ^Fragile:  It will be destroyed if unequipped.
 C - a +2 scimitar of flaming
Missiles
 j - a throwing net
Armour
 o - a +2 robe of willpower (worn)
 v - a +2 hat (worn)
 y - a +1 robe of cold resistance
 D - a +0 cloak (worn)
Jewellery
 l - an amulet of regeneration (around neck)
Wands
 f - a wand of charming (4)
Scrolls
 d - a scroll of blinking
 k - 3 scrolls of teleportation
 m - a scroll of amnesia
 n - a scroll of revelation
 s - 3 scrolls of identify
 w - a scroll of fog
 E - a scroll of fear {unknown}
Potions
 b - a potion of berserk rage
 c - 2 potions of invisibility
 e - 3 potions of enlightenment
 g - a potion of brilliance
 h - 4 potions of heal wounds
 i - 7 potions of curing
 q - a potion of resistance
 r - a potion of lignification
 t - a potion of magic
 x - a potion of attraction
 z - 2 potions of ambrosia
 A - a potion of haste
 B - a potion of mutation


   Skills:
 + Level 5.2 Fighting
 + Level 6.9 Short Blades
 + Level 8.5 Dodging
 + Level 10.7 Stealth
 + Level 7.8 Spellcasting
 + Level 8.2 Hexes
 + Level 7.7 Evocations


You couldn't memorise any spells.
You knew the following spells:

 Your Spells              Type           Power      Damage    Failure   Level
a - Ensorcelled Hibernat  Hex/Ice        54%        N/A       1%          2
b - Confusing Touch       Hex            46%        N/A       1%          3
c - Cause Fear            Hex            23%        N/A       2%          4
d - Yara's Violent Unrav  Hex/Alch       13%        3d7       36%         5
e - Enfeeble              Hex            23%        N/A       90%         7
f - Swiftness             Air            9%         N/A       22%         3

Your spell library contained the following spells:

 Spells                   Type           Power      Damage    Failure   Level
 Jinxbite                 Hex            92%        N/A       1%          2
 Tukima's Dance           Hex            46%        N/A       1%          3
 Dazzling Flash           Conj/Hex       54%        N/A       4%          3
 Apportation              Tloc           18%        N/A       7%          1
 Necrotise                Necr           36%        1d5       7%          1
 Sting                    Conj/Alch      36%        1d5       7%          1
 Summon Small Mammal      Summ           36%        N/A       7%          1
 Mercury Vapours          Alch/Air       18%        N/A       11%         2
 Anguish                  Hex/Necr       13%        N/A       13%         4
 Fugue of the Fallen      Necr           9%         N/A       22%         3
 Mephitic Cloud           Conj/Alch/Air  9%         N/A       22%         3
 Passwall                 Erth           9%         N/A       22%         3
 Fireball                 Conj/Fire      4%         3d4       89%         5
 Freezing Cloud           Conj/Ice/Air   4%         6-21      89%         5
 Haunt                    Necr/Summ      4%         N/A       100%        7
 Infestation              Necr           4%         N/A       100%        8
 Dragon's Call            Summ           4%         N/A       100%        9
 Animate Dead             Necr           Unusable   N/A       N/A         4

Dungeon Overview and Level Annotations

Branches:
Dungeon (10/15)            Temple (1/1) D:4            Lair (0/5) D:10
    Orc: D:9-12

Altars:
Ashenzari
Cheibriados
Dithmenos
Elyvilon
Fedhas
Gozag
Hepliaklqana
Kikubaaqudgha
Makhleb
Nemelex Xobeh
Okawaru
Qazlal
Sif Muna
Trog
Uskayaw
Vehumet
Wu Jian
Xom
Yredelemnul
Zin
The Shining One

Shops:
D:3 [   D:6 :?[?[   D:7 !*?


Innate Abilities, Weirdness & Mutations

You are very small and have problems with some larger weapons.
You are too small for most types of armour.
You have supernaturally acute eyesight. (SInv)
You cover ground extremely quickly. (Speed+++)
You have sharp fingernails.
Your mind is acute. (Int +4, Str/Dex -1)
Your system is resistant to poisons. (rPois)


Message History

You open the door.
There is an open door here.
You now have 1352 gold pieces (gained 9).
A rat comes into view.
A rat is nearby!
Found a scroll labelled QOEVEB MOM.
Found a staircase to the Lair.
You see here a scroll labelled QOEVEB MOM.
You catch the helpless rat completely off-guard!
You perforate the rat like a sieve!!! You freeze the rat.
You kill the rat!
E - a scroll labelled QOEVEB MOM You now have 1360 gold pieces (gained 8).
You now have 1375 gold pieces (gained 15).
You pick up a book of Death and begin reading...
You add the spells Haunt and Infestation to your library.
Okay, then.
A death yak is nearby!
Casting: Confusing Touch (safe; 1% risk of failure)
Confirm with . or Enter, or press ? or * to list all spells.
Okay, then.
The death yak bellows!
The death yak resists with almost no effort.
The death yak resists with almost no effort.
The death yak gores you!!
Casting: Ensorcelled Hibernation (safe; 1% risk of failure)
Confirm with . or Enter, or press ? or * to list all spells.
Aiming: Ensorcelled Hibernation (safe; 1% risk of failure)
Press: ? - help, Shift-Dir - straight line, f/p - death yak
Aim: a death yak (chance to affect: 4%)
Okay, then.
Casting: Ensorcelled Hibernation (safe; 1% risk of failure)
Confirm with . or Enter, or press ? or * to list all spells.
Your claws begin to glow red.
The death yak completely misses you.
You completely miss the death yak. You hit the death yak but do no damage.
The death yak gores you!!
* * * LOW HITPOINT WARNING * * *
You hit the death yak but do no damage. The death yak gores you!
You die...
Your body crumbles into a pile of gold.

#.........#####.#
#.........## #.# #
#.....#....####.#####
#
##......#..#........#
#
#....>....#.######.#
# #..#........# #.###
#...#.#....# #..#.
#.........## ##...
#..#.@Y...# #####.#
#.##......# #.....#
#........## #.##+##
##...#.### #.#...#
#.#...# #'#...#
#.#...## #......
#.###..# ####...# #.#
##.#######..'...' #.#
#.Y...##..######


You could see a death yak.

Vanquished Creatures
  A two-headed ogre (D:8)
  A tengu warrior (D:8)
  An ugly thing (D:8)
  Maggie (D:6)
  An efreet (D:8)
  A shadow (D:9)
  2 wraiths (D:10)
  A vampire (D:9)
  A steam dragon (D:7)
  5 yaks (D:7)
  An ice beast (D:7)
  3 orc warriors
  An ogre (D:5)
  2 centaurs
  4 kobold brigands
  2 bullfrogs
  3 scorpions
  13 wights
  An electric eel (D:7)
  10 howler monkeys
  A lava snake (D:7)
  An orc priest (D:8)
  A bombardier beetle (D:3)
  3 hounds
  2 jellies
  4 sleepcaps
  2 iguanas (D:5)
  A gnoll bouda (D:10)
  4 orc wizards
  A hell rat (D:10)
  Terence (D:2)
  Robin (D:3)
  5 gnolls (D:10)
  8 adders
  2 shadow imps
  2 white imps (D:7)
  A dart slug (D:3)
  A ribbon worm (D:4)
  14 orcs
  8 endoplasms
  3 giant cockroaches (D:1)
  16 goblins
  10 hobgoblins
  A jackal (D:5)
  6 quokkas
  5 ball pythons
  6 bats
  20 kobolds
  12 rats
197 creatures vanquished.

Vanquished Creatures (others)
  2 orcs (D:7)
2 creatures vanquished.

Grand Total: 199 creatures vanquished

Notes
Turn   | Place    | Note
-------+----------+-------------------------------------------
     0 | D:1      | Gadfly the Spriggan Enchanter began the quest for the Orb.
     0 | D:1      | Reached XP level 1. HP: 9/9 MP: 5/5
   147 | D:1      | Reached XP level 2. HP: 13/13 MP: 6/6
   224 | D:1      | Learned a level 2 spell: Ensorcelled Hibernation
   890 | D:2      | Noticed Terence
   892 | D:2      | Reached XP level 3. HP: 17/17 MP: 8/8
   970 | D:2      | Found an iron altar of Okawaru.
  1053 | D:2      | Reached skill level 1 in Evocations
  1094 | D:2      | You fall into a shaft and drop 1 floor!
  1123 | D:3      | Noticed Robin
  1131 | D:3      | Reached skill level 1 in Fighting
  1131 | D:3      | Killed Robin
  1283 | D:3      | Found a faded altar of an unknown god.
  1309 | D:3      | Learned a level 3 spell: Confusing Touch
  1351 | D:3      | Reached XP level 4. HP: 22/22 MP: 9/9
  1421 | D:3      | Reached skill level 5 in Stealth
  1533 | D:3      | Found a basalt altar of Yredelemnul.
  1576 | D:3      | Found Ifey's Armour Emporium.
  1808 | D:2      | Found a faded altar of an unknown god.
  1910 | D:2      | Killed Terence
  2387 | D:3      | Reached XP level 5. HP: 14/25 MP: 4/11
  2679 | D:4      | Found a staircase to the Ecumenical Temple.
  2707 | Temple   | Entered the Ecumenical Temple
  2718 | Temple   | Became a worshipper of Gozag Ym Sagoz the Greedy
  2898 | D:4      | Found a shimmering altar of Xom.
  3101 | D:5      | Entered Level 5 of the Dungeon
  3545 | D:5      | Reached XP level 6. HP: 30/30 MP: 9/12
  3603 | D:5      | Learned a level 4 spell: Cause Fear
  3667 | D:5      | Reached skill level 6 in Stealth
  3768 | D:5      | Found a shadowy altar of Dithmenos.
  3862 | D:5      | Reached XP level 7. HP: 35/35 MP: 14/14
  3984 | D:5      | Found a hide-covered altar of Uskayaw.
  4482 | D:5      | Gained mutation: Your magical capacity is low. (-10% MP)
                  | [potion of mutation]
  4482 | D:5      | Gained mutation: Your spells are a little easier to cast,
                  | but a little less powerful. [potion of mutation]
  4482 | D:5      | Gained mutation: You passively map a small area around you.
                  | [potion of mutation]
  4483 | D:5      | Lost mutation: Your spells are a little easier to cast, but
                  | a little less powerful. [potion of mutation]
  4483 | D:5      | Lost mutation: You passively map a small area around you.
                  | [potion of mutation]
  4483 | D:5      | Lost mutation: Your magical capacity is low. (-10% MP)
                  | [potion of mutation]
  4483 | D:5      | Gained mutation: Your mind is acute. (Int +4, Str/Dex -1)
                  | [potion of mutation]
  4483 | D:5      | Gained mutation: You have sharp fingernails. [potion of
                  | mutation]
  4483 | D:5      | Gained mutation: Your system is resistant to poisons.
                  | (rPois) [potion of mutation]
  4556 | D:6      | Found Fergh's Book Emporium.
  4641 | D:3      | Bought a +2 robe of willpower for 177 gold pieces
  4771 | D:6      | Reached skill level 5 in Hexes
  4920 | D:6      | Found Duisurr's Armour Emporium.
  4935 | D:6      | Found Zeipsour's Armour Emporium.
  4986 | D:6      | Found a snail-covered altar of Cheibriados.
  5026 | D:6      | Found Istric's Magic Scroll Shop.
  5029 | D:6      | Bought a scroll of identify for 24 gold pieces
  5029 | D:6      | Bought a scroll of identify for 24 gold pieces
  5030 | D:6      | Identified a scroll of acquirement
  5093 | D:6      | Acquired 1102 gold pieces
  5122 | D:6      | Bought a book of Misfortune for 476 gold pieces
  5128 | D:6      | Learned a level 5 spell: Yara's Violent Unravelling
  5143 | D:6      | Found Kurahoph's Magic Scroll Boutique.
  5247 | D:6      | Reached skill level 5 in Dodging
  5327 | D:6      | Identified the +11 falchion "Huih Lur" {protect, ^Fragile
                  | rPois rN+++ rCorr}
  5389 | D:6      | Noticed Maggie
  5399 | D:6      | Killed Maggie
  5400 | D:6      | Reached skill level 7 in Stealth
  5400 | D:6      | Reached skill level 5 in Spellcasting
  5400 | D:6      | Reached XP level 8. HP: 39/39 MP: 6/16
  6130 | D:7      | Reached skill level 8 in Stealth
  6130 | D:7      | Reached skill level 5 in Evocations
  6365 | D:7      | Found Zehusub's Distillery.
  6368 | D:7      | Found Rintaff's General Store.
  6369 | D:7      | Found Afaatucs's Magic Scroll Boutique.
  6441 | D:7      | Reached XP level 9. HP: 44/44 MP: 18/18
  6449 | D:7      | Reached skill level 5 in Short Blades
  6630 | D:7      | Bought a potion of attraction for 45 gold pieces
  6630 | D:7      | Bought a potion of ambrosia for 120 gold pieces
  6630 | D:7      | Bought a potion of haste for 150 gold pieces
  6634 | D:7      | Bought a scroll of immolation for 48 gold pieces
  6649 | D:7      | Bought a potion of mutation for 120 gold pieces
  6710 | D:8      | Noticed a two-headed ogre
  6758 | D:8      | Killed a two-headed ogre
  6759 | D:8      | Reached skill level 9 in Stealth
  7001 | D:8      | Found a white marble altar of Elyvilon.
  7124 | D:8      | Found a stormy altar of Qazlal.
  7271 | D:8      | Noticed a red ugly thing
  7280 | D:8      | Killed a red ugly thing
  7281 | D:8      | Reached XP level 10. HP: 39/51 MP: 14/21
  7289 | D:8      | Learned a level 7 spell: Enfeeble
  7342 | D:8      | Noticed a tengu warrior
  7355 | D:8      | HP: 2/51 [tengu warrior/+0 great mace (20)]
  7359 | D:8      | Killed a tengu warrior
  7831 | D:9      | Reached skill level 10 in Stealth
  8226 | D:9      | Reached skill level 5 in Fighting
  8270 | D:9      | Found an iron altar of Okawaru.
  8374 | D:9      | Found a hazy altar of Hepliaklqana.
  8939 | D:10     | Entered Level 10 of the Dungeon
  8953 | D:10     | Found a bloodstained altar of Trog.
  9682 | D:10     | Noticed a death yak
  9683 | D:10     | Noticed a death yak
  9684 | D:10     | Noticed a death yak
  9740 | D:9      | Learned a level 3 spell: Swiftness
  9802 | D:10     | Found a staircase to the Lair.
  9831 | D:10     | Slain by a death yak

Illustrated notes

Levels and vault maps discovered:
D:1:      dpeg_arrival_prison, layout_loops_ring, serial_rivers,
          chequers_serial_rivers_micro_c, chequers_serial_rivers_micro_d,
          chequers_serial_rivers_micro_d, chequers_serial_rivers_room_a,
          chequers_serial_rivers_micro_b
D:2:      layout_basic, basic_altar, shapermc_ecumenical_altar_ellora,
          uniq_terence
D:3:      layout_loops_ring, mainiacjoe_overflow_surrounded_room,
          nicolae_overflow_ecumenical_swirl, serial_shops, nicolae_shop_stone,
          hangedman_decor_points, nicolae_kite_square_tiling_tiny, st_stairs_10,
          uniq_robin
D:4:      layout_rooms, mainiacjoe_overflow_tiny_flanked,
          minmay_temple_entry_ruins, feat_on_display
D:5:      layout_layer_cave, kennysheep_mini, grunt_dithmenos_smoke_and_mirrors,
          grunt_decor_cap, kennysheep_opposing_triangles
D:6:      layout_rooms, mainiacjoe_overflow_paths, serial_shops,
          nicolae_shop_stone, nicolae_shop_waterfront, nicolae_shop_waterfront,
          nicolae_shop_hallway_plus, nicolae_shop_real_fake_doors,
          patterned_corridor, uniq_maggie
D:7:      layout_basic, nicolae_wooded_promenade, nicolae_lava_and_water
D:8:      layout_gridville, elyvilon_altar_1, nicolae_qazlal_eye_of_the_storm,
          kb_rosetta
D:9:      layout_grid_maze, mainiacjoe_overflow_big_doors
D:10:     nicolae_cairo_tiling_large, layout_rooms, bloody_trog,
          dpeg_lair_monsters, minmay_misc_feat_roman, grunt_ministairs_13
Temple:   hellmonk_temple_of_storms

Skill      XL: |  1  2  3  4  5  6  7  8  9 10 |
---------------+-------------------------------+-----
Spellcasting   | 3 4 5 7 |  7.8
Dodging        | 3 4 5 6 7 8 |  8.5
Evocations     | 1 2 3 4 5 6 7 |  7.7
Fighting       | 1 2 3 4 5 |  5.2
Stealth        | 5 6 7 8 9 10 | 10.7
Hexes          | 4 5 6 7 8 |  8.2
Short Blades   | 2 3 4 6 |  6.9

Action                     |  1- 3 |  4- 6 |  7- 9 | 10-12 || total
---------------------------+-------+-------+-------+-------++-------
  Melee: Dagger            |   108 |    77 |   144 |   209 ||   538
         Punch             |       |     1 |     5 |     3 ||     9
   Cast: Ensorcelled Hiber |    12 |    26 |    54 |    25 ||   117
         Confusing Touch   |       |     1 |    10 |    15 ||    26
    Use: Scroll            |     4 |     7 |     7 |       ||    18
         Potion            |     2 |       |     5 |     1 ||     8
   Stab: Sleeping          |    24 |    27 |    27 |    10 ||    88
         Invisible         |     2 |       |       |       ||     2
         Distracted        |     1 |     1 |       |     3 ||     5
         Confused          |       |       |     8 |    12 ||    20
 Armour: Robe              |    26 |     1 |    43 |    51 ||   121
         Animal skin       |       |    16 |     3 |       ||    19
  Dodge: Dodged            |    91 |    62 |    92 |   143 ||   388
